 Dungeon Crawl Stone Soup version 0.26-a0-651-gb41185065b (console) character file.

Game seed: 17681027138092639417

29142 Ignak the Thaumaturge (level 13, -3/98 HPs)
             Began as a Gnoll Venom Mage on Sept 29, 2020.
             Was the Champion of Okawaru.
             Slain by a sun demon (9 damage)
             ... summoned by Frances
             ... on level 12 of the Dungeon.
             The game lasted 01:05:26 (17090 turns).

Ignak the Thaumaturge (Gnoll Venom Mage)           Turns: 17090, Time: 01:05:30

Health: -3/98      AC: 13    Str:  7    XL:     13   Next: 43%
Magic:  3/24       EV: 21    Int: 21    God:    Okawaru [******]
Gold:   736        SH:  9    Dex: 27    Spells: 7/31 levels left

rFire    + + .     SeeInvis .   a - +10 hand crossbow {vorpal, rElec rC+ Str-3}
rCold    . . .     Faith    .   N - +1 buckler "Himos" {rF++ rC- Regen+ Slay+5}
rNeg     + . .     Spirit   .   e - +1 troll leather armour
rPois    .         Reflect  .   g - +0 helmet
rElec    +         Harm     .   D - +2 cloak
rCorr    .         Rampage  .   (no gloves)
MR       .....                  E - +0 pair of boots
Stlth    +++++.....             j - amulet of magic regeneration
HPRegen  1.06/turn              A - ring of wizardry
MPRegen  0.44/turn              x - ring "Yggeafis" {rElec rN+ Dex+7}

@: no status effects
A: distributed training, fangs 1, agile 1, low mp 1, shaggy fur 1, wild magic 1,
strong nose
a: Heroism, Finesse, Renounce Religion


You were on level 12 of the Dungeon.
You worshipped Okawaru.
Okawaru was exalted by your worship.
You visited 2 branches of the dungeon, and saw 13 of its levels.
You also visited: Ossuary and Ice Cave.

You collected 1188 gold pieces.
You spent 452 gold pieces at shops.

Inventory:

Hand Weapons
 a - the +10 hand crossbow of Vengeance (weapon) {vorpal, rElec rC+ Str-3}
   (You bought it in a shop on level 12 of the Dungeon)

   Any bolt fired from it inflicts extra damage.
   It affects your strength (-3).
   It protects you from cold.
   It insulates you from electricity.
 b - a +9 spear of flaming
 G - a +5 long sword
Missiles
 r - 30 poisoned darts
 R - 34 bolts (quivered)
Armour
 e - a +1 troll leather armour (worn)
 g - a +0 helmet (worn)
 y - +0 acid dragon scales
 D - a +2 cloak (worn)
 E - a +0 pair of boots (worn)
 H - a +1 chain mail of cold resistance
 N - the +1 buckler "Himos" (worn) {rF++ rC- Regen+ Slay+5}
   (Okawaru gifted it to you in an ice cave)

   It affects your accuracy and damage with ranged weapons and melee attacks
   (+5).
   It greatly protects you from fire.
   It makes you vulnerable to cold.
   It increases your rate of regeneration.
Magical Staves
 I - an uncursed staff of earth
Jewellery
 j - an amulet of magic regeneration (around neck)
 o - an uncursed ring of see invisible
 w - an uncursed ring of wizardry
 x - the ring "Yggeafis" (right hand) {rElec rN+ Dex+7}
   (You acquired it on level 11 of the Dungeon)

   [ring of positive energy]

   It affects your dexterity (+7).
   It insulates you from electricity.
   It protects you from negative energy.
 A - a ring of wizardry (left hand)
 B - the ring of Dolelisi {+Fly rF+}
   (You found it on level 7 of the Dungeon)

   [ring of flight]

   It protects you from fire.
   It lets you fly.
 O - an uncursed ring of magical power
Wands
 c - a wand of flame (37)
 f - a wand of random effects (57)
 m - a wand of polymorph (16)
 u - a wand of digging (4)
 J - a wand of enslavement (7)
Scrolls
 d - 6 scrolls of amnesia
 i - 8 scrolls of remove curse
 k - 3 scrolls of fog
 l - 2 scrolls of teleportation
 n - 2 scrolls of enchant weapon
 t - a scroll of brand weapon
 v - a scroll of torment
 F - a scroll of noise {unknown}
 Q - 4 scrolls of immolation
Potions
 h - a potion of invisibility
 p - 2 potions of stabbing
 q - a potion of brilliance
 s - 8 potions of curing
 C - 2 potions of mutation
 K - a potion of berserk rage
 L - 2 potions of might {unknown}
 P - 2 potions of flight {unknown}
Miscellaneous
 M - a phantom mirror (inert)


   Skills:
 + Level 8.3 Fighting
 + Level 8.3 Short Blades
 + Level 8.3 Long Blades
 + Level 8.3 Axes
 + Level 8.3 Maces & Flails
 + Level 8.3 Polearms
 + Level 8.3 Staves
 + Level 8.3 Slings
 + Level 8.3 Bows
 + Level 8.3 Crossbows
 + Level 8.3 Throwing
 + Level 8.3 Armour
 + Level 9.5 Dodging
 + Level 9.3 Stealth
 + Level 8.3 Shields
 + Level 8.3 Unarmed Combat
 + Level 9.7 Spellcasting
 + Level 6.9 Conjurations
 + Level 6.9 Hexes
 + Level 6.9 Summonings
 + Level 6.9 Necromancy
 + Level 6.9 Translocations
 + Level 7.2 Transmutations
 + Level 6.9 Fire Magic
 + Level 6.9 Ice Magic
 + Level 6.9 Air Magic
 + Level 6.9 Earth Magic
 + Level 8.9 Poison Magic
 + Level 9.1 Invocations
 + Level 8.3 Evocations


You had 7 spell levels left.
You knew the following spells:

 Your Spells              Type           Power        Failure   Level
a - Sting                 Tmut/Pois      ####         1%          1
b - Portal Projectile     Hex/Tloc       ######       1%          3
c - Ignite Poison         Fire/Tmut/Pois ######..     1%          3
d - Mephitic Cloud        Conj/Pois/Air  ######..     1%          3
e - Cause Fear            Hex            ######....   3%          4
f - Airstrike             Air            ######....   3%          4
g - Swiftness             Air            ######..     1%          2
z - Olgreb's Toxic Radia  Pois           ######..     1%          4

Your spell library contained the following spells:

 Spells                   Type           Power        Failure   Level
 Corona                   Hex            ######.      1%          1
 Foxfire                  Conj/Fire      ####         1%          1
 Shock                    Conj/Air       ####         1%          1
 Summon Small Mammal      Summ           ####         1%          1
 Call Imp                 Summ           ######..     1%          2
 Poisonous Vapours        Pois/Air       ######       1%          2
 Slow                     Hex            ######..     1%          2
 Call Canine Familiar     Summ           ######..     1%          3
 Inner Flame              Hex/Fire       ######..     1%          3
 Static Discharge         Conj/Air       ######..     1%          3
 Summon Guardian Golem    Hex/Summ       ######..     1%          3
 Ice Form                 Ice/Tmut       ######..     3%          4
 Leda's Liquefaction      Hex/Erth       ######....   3%          4
 Summon Ice Beast         Ice/Summ       ######..     3%          4
 Summon Lightning Spire   Summ/Air       ######..     3%          4
 Lightning Bolt           Conj/Air       ######....   9%          5
 Metabolic Englaciation   Hex/Ice        ######....   9%          5
 Freezing Cloud           Conj/Ice/Air   ######....   38%         6
 Ozocubu's Refrigeration  Ice            ######....   38%         6
 Simulacrum               Ice/Necr       ######....   38%         6
 Dragon Form              Tmut           ######....   85%         7
 Haunt                    Necr/Summ      ######....   88%         7
 Borgnjor's Revivificati  Necr           ######....   100%        8
 Infestation              Necr           ######....   100%        8
 Necromutation            Tmut/Necr      ######....   100%        8
 Death's Door             Necr           ######....   100%        9
 Dragon's Call            Summ           ######....   100%        9


Dungeon Overview and Level Annotations

Branches:
Dungeon (12/15)            Temple (1/1) D:6            Lair (0/6) D:11
Ossuary (visited)           IceCv (visited)
    Orc: D:9-12

Altars:
Ashenzari
Cheibriados
Dithmenos
Elyvilon
Fedhas
Gozag
Hepliaklqana
Kikubaaqudgha
Makhleb
Nemelex Xobeh
Okawaru
Qazlal
Ru
Sif Muna
Trog
Uskayaw
Vehumet
Wu Jian
Xom
Yredelemnul
Zin
The Shining One

Shops:
D:10 [   D:12 (

Annotations:
D:4 2 transporters, lilly's ghost, amateur MiMo
D:12 Frances


Innate Abilities, Weirdness & Mutations

Your experience applies equally to all skills.
You have very sharp teeth.
Your uncanny sense of smell can sniff out nearby items.
You are agile. (Dex +2)
Your magical capacity is low. (-10% MP)
You are covered in fur. (AC +1)
Your spells are a little harder to cast, but a little more powerful.


Message History

The sun demon closely misses you.
The hellwing swoops through the air toward you!
The hellwing closely misses you.
The hellwing hits you but does no damage.
You block the hellwing's attack. The hellwing hits you.
* * * LOW HITPOINT WARNING * * *
Press: ? - help, v - describe, . - travel
Here: Frances, wielding a +0 long sword and wearing a +0 ring mail (almost dead, fast, poisoned)
The floor.
Unknown command.
Unknown command.
Okay, then.
Evoke which item? (* to show all) (? for menu, Esc to quit)
Aiming: Throw Flame
Press: ? - help, Shift-Dir - straight line, f/p - Frances
Aim: Frances, wielding a +0 long sword and wearing a +0 ring mail (almost dead, fast, poisoned)
The puff of flame hits Frances.
Frances is almost dead.
Frances hits you but does no damage. The sun demon hits you!
You die...

....# ## #..####'##....#
...## .)) # #'##..........#
..## ....) #...........#.#
.## ..[.#.##............#
## )))).. ##...........#
..†)))# ########....#
...)... #....#.#..#
#.......####4...#....# #..#
#..3@4...#....# . #..#
.#..@.....#.<..# .
'..###.##'##....'....# ..
###......#..##....#....#
..##.##.....#..##....#.##.#
......'..#..#..##....#.# .#
......#..#..#..##....#.. .#
......#..#..#........#..
####..#.....#..##....#.##


You could see Frances (fast, poisoned), a sun demon (summoned) and 2 hellwings.

Vanquished Creatures
  A white draconian (IceCv)
  3 hydras (D:11)
  2 two-headed ogres
  A death yak (IceCv)
  Sonja (D:11)
  A wizard (D:9)
  An ugly thing (D:12)
  A cyclops (D:11)
  A black mamba (shapeshifter) (D:12)
  An ice statue (IceCv)
  A gargoyle (D:11)
  3 rime drakes (IceCv)
  12 polar bears (IceCv)
  A hornet (D:10)
  3 trolls
  3 hippogriffs
  A meliai zombie (D:10)
  A wyvern (D:12)
  4 wraiths
  22 yaks (IceCv)
  Eustachio (D:5)
  2 soldier ants (D:12)
  2 acid dragons (D:12)
  2 water moccasins
  An eye of draining (D:11)
  9 orc warriors
  13 ice beasts
  3 phantoms
  2 black bears
  A sky beast (D:6)
  16 centaurs
  A necrophage (D:11)
  23 wolves
  3 ogres
  2 elf zombies (Ossuary)
  5 big kobolds
  9 bullfrogs
  2 gnoll sergeants (D:6)
  2 scorpions
  6 killer bees (D:11)
  24 wights
  3 electric eels (D:11)
  3 centaur zombies
  4 howler monkeys
  A crimson imp (D:9)
  2 human zombies (Ossuary)
  A bullfrog zombie (D:12)
  3 gnoll shamans (D:6)
  13 hounds
  A jelly (D:10)
  6 orc priests
  2 bullfrog skeletons
  3 centaur skeletons
  3 iguanas
  Ijyb (D:2)
  Natasha (thrice) (D:3)
  16 orc wizards
  6 worker ants
  3 hound zombies (Ossuary)
  4 hound skeletons
  3 mummies (Ossuary)
  A worker ant zombie (D:10)
  23 gnolls
  12 adders
  2 shadow imps
  4 white imps
  An ufetubus (D:5)
  7 adder zombies
  An adder skeleton (D:4)
  2 worms
  A dart slug (D:2)
  5 leopard geckos
  57 orcs
  A ball python (D:2)
  7 bats
  7 giant cockroaches
  A gnoll zombie (Ossuary)
  10 goblins
  12 hobgoblins
  16 jackals
  6 quokkas
  7 frilled lizards
  7 goblin zombies (Ossuary)
  4 hobgoblin zombies (Ossuary)
  3 jackal zombies (Ossuary)
  29 kobolds
  5 kobold zombies (Ossuary)
  2 leopard gecko skeletons
  3 quokka skeletons
  A quokka zombie (Ossuary)
  11 rats
  2 rat zombies (Ossuary)
524 creatures vanquished.

Vanquished Creatures (collateral kills)
  A bullfrog skeleton (D:11)
1 creature vanquished.

Vanquished Creatures (others)
  A vampire (D:12)
  6 plants (D:4)
  4 toadstools (D:1)
11 creatures vanquished.

Grand Total: 536 creatures vanquished

Notes
Turn   | Place    | Note
-------+----------+-------------------------------------------
     0 | D:1      | Ignak the Gnoll Venom Mage began the quest for the Orb.
     0 | D:1      | Reached XP level 1. HP: 13/13 MP: 6/6
   310 | D:1      | Reached XP level 2. HP: 19/19 MP: 5/7
  1157 | D:2      | Learned a level 1 spell: Sting
  1161 | D:1      | HP: 1/20 [gnoll/+0 whip (11)]
  1173 | D:1      | Reached skill level 5 in Spellcasting
  1173 | D:1      | Reached XP level 3. HP: 2/25 MP: 6/9
  1725 | D:2      | Reached skill level 1 in Invocations
  1785 | D:2      | Reached skill level 1 in Fighting
  1785 | D:2      | Reached skill level 1 in Short Blades
  1785 | D:2      | Reached skill level 1 in Long Blades
  1785 | D:2      | Reached skill level 1 in Axes
  1785 | D:2      | Reached skill level 1 in Maces & Flails
  1785 | D:2      | Reached skill level 1 in Polearms
  1785 | D:2      | Reached skill level 1 in Staves
  1785 | D:2      | Reached skill level 1 in Slings
  1785 | D:2      | Reached skill level 1 in Bows
  1785 | D:2      | Reached skill level 1 in Crossbows
  1785 | D:2      | Reached skill level 1 in Throwing
  1785 | D:2      | Reached skill level 1 in Armour
  1785 | D:2      | Reached skill level 1 in Shields
  1785 | D:2      | Reached skill level 1 in Unarmed Combat
  1785 | D:2      | Reached skill level 1 in Evocations
  2037 | D:2      | Reached XP level 4. HP: 32/32 MP: 8/11
  2042 | D:2      | Learned a level 3 spell: Mephitic Cloud
  2047 | D:2      | Learned a level 4 spell: Olgreb's Toxic Radiance
  2051 | D:2      | Learned a level 3 spell: Ignite Poison
  2510 | D:2      | Noticed Ijyb
  2513 | D:2      | Reached skill level 1 in Conjurations
  2513 | D:2      | Reached skill level 1 in Hexes
  2513 | D:2      | Reached skill level 1 in Summonings
  2513 | D:2      | Reached skill level 1 in Necromancy
  2513 | D:2      | Reached skill level 1 in Translocations
  2513 | D:2      | Reached skill level 1 in Fire Magic
  2513 | D:2      | Reached skill level 1 in Ice Magic
  2513 | D:2      | Reached skill level 1 in Air Magic
  2513 | D:2      | Reached skill level 1 in Earth Magic
  2569 | D:2      | Killed Ijyb
  2569 | D:2      | Reached XP level 5. HP: 37/37 MP: 3/12
  2852 | D:2      | Found a shadowy altar of Dithmenos.
  2925 | D:2      | Gained mutation: You are clumsy. (Dex -2) [potion of
                  | mutation]
  2925 | D:2      | Gained mutation: Your muscles are strong. (Str +2) [potion
                  | of mutation]
  2975 | D:3      | Noticed Natasha
  2996 | D:3      | Killed Natasha
  3123 | D:3      | Noticed Natasha
  3130 | D:3      | Killed Natasha
  3130 | D:3      | Reached XP level 6. HP: 27/44 MP: 4/13
  3232 | D:3      | Noticed Natasha
  3235 | D:3      | Killed Natasha
  3360 | D:3      | Reached skill level 5 in Dodging
  3466 | D:2      | HP: 2/44 [poisoned by miscasting Olgreb's Toxic Radiance]
  3866 | D:3      | Lost mutation: Your muscles are strong. (Str +2) [potion of
                  | mutation]
  3866 | D:3      | Lost mutation: You are clumsy. (Dex -2) [potion of
                  | mutation]
  3866 | D:3      | Gained mutation: You are dopey. (Int -2) [potion of
                  | mutation]
  3866 | D:3      | Gained mutation: You are very dopey. (Int -4) [potion of
                  | mutation]
  3866 | D:3      | Gained mutation: You have sharp toenails. [potion of
                  | mutation]
  4143 | D:4      | Found a transporter.
  4149 | D:4      | Noticed lilly's ghost (amateur MiMo)
  4497 | D:4      | Reached XP level 7. HP: 35/50 MP: 11/15
  4786 | D:4      | Found a hide-covered altar of Uskayaw.
  4895 | D:4      | Found a transporter.
  5544 | D:5      | Entered Level 5 of the Dungeon
  5555 | D:5      | Found a sand-covered staircase.
  5561 | Ossuary  | Entered an ossuary
  5601 | Ossuary  | Reached skill level 5 in Stealth
  5804 | Ossuary  | Reached XP level 8. HP: 40/57 MP: 16/16
  5999 | Ossuary  | Lost mutation: You have sharp toenails. [potion of
                  | mutation]
  5999 | Ossuary  | Lost mutation: You are very dopey. (Int -4) [potion of
                  | mutation]
  5999 | Ossuary  | Lost mutation: You are dopey. (Int -2) [potion of mutation]
  5999 | Ossuary  | Gained mutation: You occasionally shout uncontrollably at
                  | your foes. [potion of mutation]
  5999 | Ossuary  | Gained mutation: You have large cloven feet. [potion of
                  | mutation]
  5999 | Ossuary  | Gained mutation: Your magical capacity is low. (-10% MP)
                  | [potion of mutation]
  5999 | Ossuary  | Gained mutation: Your spells are a little harder to cast,
                  | but a little more powerful. [potion of mutation]
  6000 | Ossuary  | Lost mutation: You have large cloven feet. [potion of
                  | mutation]
  6000 | Ossuary  | Lost mutation: You occasionally shout uncontrollably at
                  | your foes. [potion of mutation]
  6000 | Ossuary  | Gained mutation: You are agile. (Dex +2) [potion of
                  | mutation]
  6000 | Ossuary  | Gained mutation: You are covered in fur. (AC +1) [potion of
                  | mutation]
  6391 | D:5      | Noticed Eustachio
  6398 | D:5      | Killed Eustachio
  7450 | D:5      | Reached XP level 9. HP: 51/65 MP: 8/16
  8458 | D:6      | Found a staircase to the Ecumenical Temple.
  8471 | Temple   | Entered the Ecumenical Temple
  8567 | Temple   | Became a worshipper of Warmaster Okawaru
  8996 | D:6      | Reached skill level 5 in Invocations
  8996 | D:6      | Reached * piety under Okawaru
  9219 | D:6      | Reached XP level 10. HP: 73/73 MP: 18/18
  9748 | D:7      | Reached skill level 5 in Fighting
  9748 | D:7      | Reached skill level 5 in Short Blades
  9748 | D:7      | Reached skill level 5 in Long Blades
  9748 | D:7      | Reached skill level 5 in Axes
  9748 | D:7      | Reached skill level 5 in Maces & Flails
  9748 | D:7      | Reached skill level 5 in Polearms
  9748 | D:7      | Reached skill level 5 in Staves
  9748 | D:7      | Reached skill level 5 in Slings
  9748 | D:7      | Reached skill level 5 in Bows
  9748 | D:7      | Reached skill level 5 in Crossbows
  9748 | D:7      | Reached skill level 5 in Throwing
  9748 | D:7      | Reached skill level 5 in Armour
  9748 | D:7      | Reached skill level 5 in Shields
  9748 | D:7      | Reached skill level 5 in Unarmed Combat
  9748 | D:7      | Reached skill level 5 in Evocations
  9810 | D:7      | Reached ** piety under Okawaru
 10097 | D:7      | Got a transparent golden ring
 10100 | D:7      | Identified the ring of Dolelisi {+Fly rF+} (You found it on
                  | level 7 of the Dungeon)
 10754 | D:8      | Reached skill level 5 in Transmutations
 11375 | D:9      | Noticed a two-headed ogre
 11385 | D:9      | Killed a two-headed ogre
 11385 | D:9      | Reached *** piety under Okawaru
 11516 | D:9      | Found a glowing golden altar of the Shining One.
 11725 | D:9      | Noticed a wizard
 11729 | D:9      | Killed a wizard
 11733 | D:9      | Reached XP level 11. HP: 77/81 MP: 8/20
 11751 | D:9      | Learned a level 3 spell: Portal Projectile
 11756 | D:9      | Learned a level 4 spell: Cause Fear
 11974 | D:10     | Entered Level 10 of the Dungeon
 12019 | D:10     | Found Xigepuda's Armour Boutique.
 12143 | D:10     | Reached **** piety under Okawaru
 12229 | D:10     | Reached skill level 5 in Conjurations
 12229 | D:10     | Reached skill level 5 in Hexes
 12229 | D:10     | Reached skill level 5 in Summonings
 12229 | D:10     | Reached skill level 5 in Necromancy
 12229 | D:10     | Reached skill level 5 in Translocations
 12229 | D:10     | Reached skill level 5 in Fire Magic
 12229 | D:10     | Reached skill level 5 in Ice Magic
 12229 | D:10     | Reached skill level 5 in Air Magic
 12229 | D:10     | Reached skill level 5 in Earth Magic
 12510 | D:10     | Learned a level 4 spell: Airstrike
 12624 | D:10     | Learned a level 2 spell: Swiftness
 12739 | D:11     | Noticed a four-headed hydra
 12748 | D:11     | Killed a four-headed hydra
 12748 | D:11     | Received a gift from Okawaru
 12833 | D:11     | Reached ***** piety under Okawaru
 12974 | D:11     | HP: 1/83 [gargoyle/stone arrow (22)]
 12975 | D:11     | Found a staircase to the Lair.
 13521 | D:11     | Received a gift from Okawaru
 13550 | D:11     | Noticed Sonja
 13552 | D:11     | Killed Sonja
 13552 | D:11     | Received a gift from Okawaru
 13737 | D:11     | Noticed a cyclops
 13744 | D:11     | Killed a cyclops
 13863 | D:11     | Noticed a four-headed hydra
 13875 | D:11     | Killed a four-headed hydra
 13875 | D:11     | Reached XP level 12. HP: 28/89 MP: 3/22
 14369 | D:11     | Identified a scroll of acquirement
 14370 | D:11     | Acquired the ring "Yggeafis" {rElec rN+ Dex+7}
 14550 | D:11     | Noticed a five-headed hydra
 14750 | D:11     | Killed a five-headed hydra
 14930 | D:10     | Bought a +1 chain mail of cold resistance for 214 gold
                  | pieces
 15117 | D:12     | Found Penaczoh's Antique Weapon Shop.
 15184 | D:12     | Received a gift from Okawaru
 15225 | D:12     | Found a frozen archway.
 15228 | D:12     | Noticed a two-headed ogre
 15255 | D:12     | Killed a two-headed ogre
 15309 | IceCv    | Entered an ice cave
 15461 | IceCv    | Received a gift from Okawaru
 15466 | IceCv    | Got a heavily runed buckler {god gift}
 15483 | IceCv    | Identified the +1 buckler "Himos" {rF++ rC- Regen+ Slay+5}
                  | (Okawaru gifted it to you in an ice cave)
 15638 | IceCv    | Reached XP level 13. HP: 89/98 MP: 4/23
 16204 | IceCv    | Reached ****** piety under Okawaru
 16274 | IceCv    | Noticed a white draconian
 16288 | IceCv    | Killed a white draconian
 16835 | D:12     | Bought a fine hand crossbow for 238 gold pieces
 16835 | D:12     | Identified the +10 hand crossbow of Vengeance {vorpal,
                  | rElec rC+ Str-3} (You bought it in a shop on level 12 of
                  | the Dungeon)
 17076 | D:12     | Noticed Frances
 17090 | D:12     | Slain by a sun demon

Illustrated notes

Levels and vault maps discovered:
D:1:      ldierk_walled_garden_2, layout_loops_corners
D:2:      kennysheep_the_goblin_king, layout_basic, lemuel_tele_altar
D:3:      layout_rooms, uniq_natasha
D:4:      layout_layer_cave, overflow_temple_1_default,
          gammafunk_ghost_gnarly_gnolls
D:5:      layout_rooms, nicolae_ossuary_entry_monument, grunt_ministairs_14,
          kennysheep_decorative_pillar, uniq_eustachio
D:6:      kennysheep_housing_project, layout_basic, temple_statues, sigmund_army
D:7:      layout_cave_pods
D:8:      layout_loops_ring
D:9:      layout_rooms, basic_altar, lightli_wizard_tower
D:10:     layout_basic, serial_shops, shop
D:11:     layout_roguey, erik_lair_island, lightli_corner_chamber, uniq_sonja
D:12:     layout_stronghold, hiddenorc1_lemuel,
          portal_ice_cave_entry_ice_beasts, serial_shops,
          nicolae_shop_competitors_out_of_business, uniq_frances
Temple:   kilobyte_greek_temple

Skill      XL: |  1  2  3  4  5  6  7  8  9 10 11 12 13 |
---------------+----------------------------------------+-----
Transmutations | 2 3 4 5 6 7 |  7.2
Spellcasting   | 5 6 7 8 9 |  9.7
Invocations    | 1 2 3 4 5 6 7 8 9 |  9.1
Fighting       | 1 2 3 4 5 6 7 8 |  8.3
Short Blades   | 1 2 3 4 5 6 7 8 |  8.3
Long Blades    | 1 2 3 4 5 6 7 8 |  8.3
Axes           | 1 2 3 4 5 6 7 8 |  8.3
Maces & Flails | 1 2 3 4 5 6 7 8 |  8.3
Polearms       | 1 2 3 4 5 6 7 8 |  8.3
Staves         | 1 2 3 4 5 6 7 8 |  8.3
Slings         | 1 2 3 4 5 6 7 8 |  8.3
Bows           | 1 2 3 4 5 6 7 8 |  8.3
Crossbows      | 1 2 3 4 5 6 7 8 |  8.3
Throwing       | 1 2 3 4 5 6 7 8 |  8.3
Armour         | 1 2 3 4 5 6 7 8 |  8.3
Shields        | 1 2 3 4 5 6 7 8 |  8.3
Unarmed Combat | 1 2 3 4 5 6 7 8 |  8.3
Evocations     | 1 2 3 4 5 6 7 8 |  8.3
Conjurations   | 1 2 3 4 5 6 |  6.9
Hexes          | 1 2 3 4 5 6 |  6.9
Summonings     | 1 2 3 4 5 6 |  6.9
Necromancy     | 1 2 3 4 5 6 |  6.9
Translocations | 1 2 3 4 5 6 |  6.9
Fire Magic     | 1 2 3 4 5 6 |  6.9
Ice Magic      | 1 2 3 4 5 6 |  6.9
Air Magic      | 1 2 3 4 5 6 |  6.9
Earth Magic    | 1 2 3 4 5 6 |  6.9
Dodging        | 5 6 7 8 9 |  9.5
Stealth        | 5 6 7 8 9 |  9.3
Poison Magic   | 6 7 8 |  8.9

Action                   |  1- 3 |  4- 6 |  7- 9 | 10-12 | 13-15 || total
-------------------------+-------+-------+-------+-------+-------++-------
Melee: Whip              |     2 |       |       |       |       ||     2
       Unarmed           |     1 |       |       |       |       ||     1
       Club              |    11 |       |       |       |       ||    11
       Bite              |     2 |     6 |    46 |    72 |     5 ||   131
       War axe           |     5 |    45 |       |       |       ||    50
       Flail             |       |    18 |   315 |       |       ||   333
       Kick              |       |     3 |    29 |       |       ||    32
       Spear             |       |       |    65 |   483 |    84 ||   632
 Fire: Hand crossbow     |       |       |       |       |    13 ||    13
Throw: Javelin           |       |     6 |       |       |       ||     6
 Cast: Sting             |    53 |    19 |       |       |       ||    72
       Olgreb's Toxic Ra |       |    20 |    25 |    53 |    12 ||   110
       Ignite Poison     |       |     2 |    21 |    36 |    13 ||    72
       Mephitic Cloud    |       |       |     1 |       |       ||     1
       Airstrike         |       |       |       |    18 |    13 ||    31
       Portal Projectile |       |       |       |     5 |     2 ||     7
       Swiftness         |       |       |       |     3 |       ||     3
       Cause Fear        |       |       |       |     1 |       ||     1
Evoke: Wand              |       |       |     4 |     4 |     2 ||    10
       Phantom mirror    |       |       |       |       |     1 ||     1
  Use: Scroll            |     3 |     5 |    13 |     9 |       ||    30
       Potion            |     3 |     6 |     2 |       |     2 ||    13
 Stab: Sleeping          |       |     5 |    10 |    17 |     2 ||    34
       Distracted        |       |       |       |     2 |     1 ||     3
Armor: Robe              |     4 |     5 |       |       |       ||     9
       Ring mail         |       |     6 |    91 |    90 |       ||   187
       Leather armour    |       |     3 |    24 |       |       ||    27
       Skin              |       |     1 |       |       |       ||     1
       Troll leather arm |       |       |       |    49 |    17 ||    66
       Chain mail        |       |       |       |     2 |       ||     2
Dodge: Dodged            |    40 |    78 |   222 |   342 |    44 ||   726
Block: Buckler           |     8 |    23 |   116 |   199 |    34 ||   380

Table legend: (Time is in decaauts)
 A = Elapsed time spent in this place.
 B = Non-inter-level travel time spent in this place.
 C = Inter-level travel time spent in this place.
 D = Time resting spent in this place.
 E = Time spent auto-exploring this place.
 F = Levels seen in this place.
 G = Mean time per level.
                   A        B        C        D        E       F      G
               +--------+--------+--------+--------+--------+-----+--------+
         Total |  17069 |  16889 |    180 |   4331 |   6518 |  15 | 1137.9 |
       Dungeon |  14804 |  14670 |    134 |   3738 |   6039 |  12 | 1233.7 |
        Temple |    204 |    158 |     46 |      0 |    109 |   1 |  204.0 |
       Ossuary |    859 |    859 |      0 |    213 |    128 |   1 |  859.0 |
      Ice Cave |   1201 |   1201 |      0 |    380 |    242 |   1 | 1201.0 |
               +--------+--------+--------+--------+--------+-----+--------+

Top non-repeatable levels by time:
     D:1: 1865 daAuts
    D:11: 1726 daAuts
     D:5: 1600 daAuts
     D:4: 1559 daAuts
     D:6: 1511 daAuts
     D:2: 1432 daAuts
   IceCv: 1201 daAuts
    D:10: 1174 daAuts
     D:7: 992 daAuts
    D:12: 899 daAuts
 Ossuary: 859 daAuts
     D:9: 747 daAuts
     D:3: 728 daAuts
     D:8: 565 daAuts
  Temple: 204 daAuts
